 Dungeon Crawl Stone Soup version 0.18.1-8-gdd0e5ea (webtiles) character file.

368 Shtopit the Shield-Bearer (level 6, -1/39 HPs)
             Began as a Gargoyle Fighter on May 28, 2016.
             Was an Initiate of Qazlal.
             Killed by nerve-wracking pain
             ... invoked by an orc priest
              (10 damage)
             ... on level 5 of the Dungeon.
             The game lasted 00:09:01 (3315 turns).

Shtopit the Shield-Bearer (Gargoyle Fighter)        Turns: 3315, Time: 00:09:01

Health: -1/39      AC: 11    Str: 22    XL:     6   Next: 69%
Magic:  6/6        EV:  9    Int:  8    God:    Qazlal [......]
Gold:   220        SH:  9    Dex:  9    Spells: 0 memorised, 5 levels left

rFire  . . .     SeeInvis .     a - +1 flail
rCold  . . .     Gourm    .     l - +0 ring mail
rNeg   + . .     Faith    .     c - +0 shield
rPois  ∞         Spirit   .     r - +0 helmet
rElec  +         Dismiss  .     (no cloak)
rCorr  .         Reflect  .     (no gloves)
SustAt .         Harm     .     (no boots)
MR     .....                    (no amulet)
Stlth  ..........               (no ring)
                                (no ring)

@: not resistant to hostile enchantments, extremely unstealthy
A: negative energy resistance 1, electricity resistance, unbreathing,
petrification resistance, rot immunity, AC +4
a: Renounce Religion


You were on level 5 of the Dungeon.
You worshipped Qazlal.
Qazlal was noncommittal.
You were not hungry.

You visited 1 branch of the dungeon, and saw 6 of its levels.

You collected 220 gold pieces.

Inventory:

Hand Weapons
 a - a +1 flail (weapon)
 t - a +0 hunting sling
Missiles
 m - 27 poisoned needles
 F - 30 bolts
Armour
 b - a +0 scale mail
 c - a +0 shield (worn)
 l - a +0 ring mail (worn)
 r - a +0 helmet (worn)
 z - a +0 helmet
Jewellery
 j - a cursed ring of teleportation {unknown}
Wands
 v - a wand of confusion (41/48)
 B - a wand of lightning (11/15)
Scrolls
 h - a scroll of identify
 k - a scroll of remove curse
 o - a scroll of recharging
 p - a scroll of enchant weapon
 u - 3 scrolls of fear
 w - a scroll of random uselessness {unknown}
 x - a scroll of amnesia {unknown}
 y - 2 scrolls of fog {unknown}
 A - a scroll of teleportation {unknown}
Potions
 d - a potion of might
 e - a potion of degeneration
 n - 2 potions of curing {unknown}
 q - a potion of brilliance {unknown}
 C - 2 potions of lignification {unknown}
 E - a potion of heal wounds {unknown}
 G - a potion of flight {unknown}
 H - a potion of agility {unknown}
Comestibles
 f - 3 bread rations
 g - 2 meat rations
 i - 2 beef jerkies
 s - 5 fruits
 D - a slice of pizza
 I - 5 chunks of flesh


   Skills:
 + Level 4.3 Fighting
 + Level 3.4 Maces & Flails
 + Level 4.3 Armour
 + Level 2.3 Dodging
 + Level 0.2 Stealth
 + Level 4.9 Shields


You had 5 spell levels left.
You didn't know any spells.

Dungeon Overview and Level Annotations

Branches:
Dungeon (6/15)             Temple (0/1) D:4

Altars:
Elyvilon
Nemelex Xobeh
Pakellas
Qazlal
Ru
Sif Muna
Vehumet
Xom
Yredelemnul


Innate Abilities, Weirdness & Mutations

You are resistant to torment.
Your stone body is resilient (AC +4).
You are immune to poison.
You resist negative energy.
You are resistant to electric shocks.
You can survive without breathing.
You are immune to petrification.
You are immune to rotting.


Message History

The orc priest resists with some effort.
The orc looks frightened! x2; The ice beast looks frightened!
It was a scroll of fear.
The orc wizard mumbles some strange words.
The orc wizard blinks!
You block the orc priest's attack.
There is a stone staircase leading up here.
The giant frog hits the plant but does no damage.
You block the orc priest's attack.
The giant frog hits the plant but does no damage.
Cornered, the giant frog turns to fight!
You climb upwards.
There is a stone staircase leading down here.
You hit the orc priest.
The orc priest is moderately wounded.
You block the orc priest's attack.
You closely miss the orc priest.
The orc priest is moderately wounded.
The orc priest mumbles some strange prayers to Beogh against you.
Pain shoots through your body!
You die...

# #. #.### #+#
#.o@# #.# ###.#
#.######### #.#
##.##_.....# #.#
##...#.####.# #.#
#......####.# #.#
###...#.#...(###.#
...............<.#
#######.#....#####


You could see an orc priest.

Vanquished Creatures
  2 scorpions (D:4)
  A hound (D:4)
  A jelly (D:5)
  An iguana (D:4)
  An orc priest (D:4)
  A centaur skeleton (D:4)
  Natasha (D:2)
  2 adders (D:3)
  2 worms (D:4)
  4 dart slugs (D:1)
  A giant gecko (D:4)
  5 orcs
  3 bats
  6 giant cockroaches
  10 goblins
  9 hobgoblins
  A jackal (D:4)
  A quokka (D:4)
  A giant gecko skeleton (D:4)
  4 giant newts
  6 kobolds
  2 rats
65 creatures vanquished.

Notes
Turn   | Place    | Note
--------------------------------------------------------------
     0 | D:1      | Shtopit the Gargoyle Fighter began the quest for the Orb.
     0 | D:1      | Reached XP level 1. HP: 14/14 MP: 1/1
   149 | D:1      | Reached XP level 2. HP: 19/19 MP: 2/2
   303 | D:1      | Reached XP level 3. HP: 22/23 MP: 3/3
  1066 | D:2      | Found a sacrificial altar of Ru.
  1336 | D:2      | Noticed Natasha
  1351 | D:2      | Killed Natasha
  1351 | D:2      | Reached XP level 4. HP: 9/29 MP: 4/4
  1565 | D:3      | Found a stormy altar of Qazlal.
  1573 | D:3      | Became a worshipper of Qazlal Stormbringer
  1614 | D:3      | Reached skill level 1 in Dodging
  1648 | D:3      | Found a radiant altar of Vehumet.
  2055 | D:3      | Found a deep blue altar of Sif Muna.
  2415 | D:4      | Reached XP level 5. HP: 25/33 MP: 5/5
  2504 | D:4      | Found a basalt altar of Yredelemnul.
  2659 | D:4      | Found a staircase to the Ecumenical Temple.
  2814 | D:4      | Reached XP level 6. HP: 29/38 MP: 6/6
  2887 | D:4      | Found a sparkling altar of Nemelex Xobeh.
  3074 | D:4      | Found an oddly glowing altar of Pakellas.
  3079 | D:4      | Found a shimmering altar of Xom.
  3101 | D:4      | Found a white marble altar of Elyvilon.
  3175 | D:5      | Entered Level 5 of the Dungeon
  3184 | D:5      | Found a deep blue altar of Sif Muna.
  3233 | D:5      | Noticed a vampire
  3300 | D:6      | Noticed an ice beast
  3315 | D:5      | Killed from afar by an orc priest

Skill      XL: |  1  2  3  4  5 |
---------------+----------------+-----
Shields        | 4 |  4.9
Dodging        | 1 2 |  2.3
Armour         | 4 |  4.3
Fighting       | 4 |  4.3
Maces & Flails | 3 |  3.4
Stealth        | |  0.2

Action                   |  1- 3 |  4- 6 || total
-------------------------+-------+-------++-------
Melee: Flail             |   116 |   186 ||   302
  Use: Scroll            |       |     5 ||     5
  Eat: Chunk             |     2 |     6 ||     8
Armor: Scale mail        |    51 |       ||    51
       Ring mail         |    11 |   121 ||   132
Dodge: Dodged            |    27 |    91 ||   118
Block: Shield            |    62 |   125 ||   187
